[Event "Titled Tuesday Blitz November 16 2021"]
[White "Shipov, Sergei"]
[Black "Koellner, Ruben Gideon"]
[WhiteFideId "4113624"]
[BlackFideId "12993093"]
[WhiteElo "2768"]
[BlackElo "2567"]
[Result "1-0"]
[Round "11"]
[TimeControl "180+1"]
[Date "2021.11.16"]
[WhiteClock "0:00:15"]
[BlackClock "0:00:01"]

1. d4 d6 2. Nf3 Nf6 3. c4 g6 4. Nc3 Bf5 5. Ng5 Bg7 6. e4 Bd7 7. Be2 O-O 8. O-O e5 9. d5 h6 10. Nf3 a5 11. Be3 Na6 12. Nd2 b6 13. a3 a4 14. Nxa4 Nc5 15. Nc3 Na4 16. Nxa4 Bxa4 17. b3 Bd7 18. b4 Kh7 19. c5 bxc5 20. bxc5 Ba4 21. Qc1 Qe7 22. c6 Rfb8 23. Qc3 Bb5 24. Bxb5 Rxb5 25. Rfb1 Rba5 26. Nc4 Ra4 27. Rb7 Nxe4 28. Qd3 f5 29. Rab1 Nf6 30. h3 Qf7 31. Nxd6 Qxd5 32. Qxd5 Nxd5 33. Nb5 f4 34. Bd2 Rc8 35. f3 Rc4 36. Rc1 Rxc1+ 37. Bxc1 Bf8 38. a4 Bc5+ 39. Kf1 Bb6 40. Bd2 Ra8 41. a5 Bxa5 42. Bxa5 Rxa5 43. Nxc7 Ne3+ 44. Ke2 h5 45. Ne6+ Kh6 46. c7 Ra2+ 47. Kd3 Rc2 48. Rb8 Rxc7 49. Nxc7 Nxg2 50. Ke4 Kg5 51. Rg8 Ne1 52. Nd5 Nc2 53. Kxe5 Ne1 54. Ke4 Ng2 55. Rg7 Nh4 56. Nxf4 Nf5 57. Rxg6+ Kh4 58. Rf6 1-0


[Site "https://www.chess.com"]

[Event "Titled Tuesday Blitz November 16 2021"]
[White "Shkapenko, Pavel"]
[Black "Rustemov, Alexander"]
[WhiteFideId "4151933"]
[BlackFideId "4119002"]
[WhiteElo "2386"]
[BlackElo "2756"]
[Result "1/2-1/2"]
[Round "11"]
[TimeControl "180+1"]
[Date "2021.11.16"]
[WhiteClock "0:01:48"]
[BlackClock "0:01:05"]

1. e4 e6 2. d4 d5 3. exd5 exd5 4. Nf3 Bf5 5. c4 Bxb1 6. Rxb1 Bb4+ 7. Bd2 Bxd2+ 8. Qxd2 Nf6 9. Qe3+ Qe7 10. Qxe7+ Kxe7 11. c5 Re8 12. Bd3 Kf8+ 13. Kd2 Ne4+ 14. Bxe4 dxe4 15. Ne5 f6 16. Nc4 Nc6 17. Kc3 Ne7 18. Ne3 f5 19. g3 Rad8 20. Kc4 c6 21. Rbd1 g5 22. d5 f4 23. gxf4 gxf4 24. d6 fxe3 25. dxe7+ Kxe7 26. fxe3 Rxd1 27. Rxd1 Rg8 28. Rd4 Rg4 29. Kc3 Rh4 30. Rb4 b6 31. cxb6 axb6 32. Rxb6 Kd6 1/2-1/2


[Site "https://www.chess.com"]

[Event "Titled Tuesday Blitz November 16 2021"]
[White "Sjugirov, Sanan"]
[Black "Sadhwani, Raunak"]
[WhiteFideId "4189302"]
[BlackFideId "35093487"]
[WhiteElo "2653"]
[BlackElo "2517"]
[Result "0-1"]
[Round "11"]
[TimeControl "180+1"]
[Date "2021.11.16"]
[WhiteClock "0:00:23"]
[BlackClock "0:00:55"]

1. e4 e5 2. Nf3 Nc6 3. Bb5 Nge7 4. Nc3 Ng6 5. h4 h5 6. d3 d6 7. d4 exd4 8. Nxd4 Bd7 9. g3 Be7 10. Nxc6 bxc6 11. Be2 Bf6 12. Bxh5 Qe7 13. Be3 Rb8 14. Bxg6 fxg6 15. Bd4 Rxb2 16. O-O Rb4 17. Bxf6 Qxf6 18. e5 dxe5 19. Re1 O-O 20. Qe2 Bg4 21. Qe3 Bf3 22. Kh2 Rxh4+ 0-1


[Site "https://www.chess.com"]

[Event "Titled Tuesday Blitz November 16 2021"]
[White "Stribuk, Artiom"]
[Black "Pichot, Alan"]
[WhiteFideId "13515659"]
[BlackFideId "110973"]
[WhiteElo "2224"]
[BlackElo "2600"]
[Result "0-1"]
[Round "11"]
[TimeControl "180+1"]
[Date "2021.11.16"]
[WhiteClock "0:00:02"]
[BlackClock "0:00:11"]

1. d4 Nf6 2. c4 e6 3. g3 Bb4+ 4. Bd2 a5 5. Bg2 O-O 6. e4 d6 7. Ne2 e5 8. O-O Bxd2 9. Qxd2 Nc6 10. Nbc3 Bg4 11. f3 Bd7 12. f4 Bg4 13. d5 Ne7 14. fxe5 dxe5 15. Nc1 Nd7 16. Qg5 f5 17. h3 h6 18. Qe3 Bh5 19. Nd3 Bg6 20. Rae1 Rf6 21. Nxe5 Nxe5 22. exf5 Nxf5 23. Qxe5 Qf8 24. g4 Qc5+ 25. Kh2 Re8 26. Qxe8+ Bxe8 27. Rxe8+ Kf7 28. Ne4 Qe3 29. Nd6+ cxd6 30. Rxe3 Nxe3 31. Re1 Nxc4 32. b3 Ne5 33. Kg3 Ke7 34. h4 Kd7 35. Be4 Kc7 36. Rc1+ Kb6 37. g5 Rf7 38. Rc8 Kb5 39. a3 Re7 40. Bg2 hxg5 41. hxg5 Nd7 42. Bf1+ Kb6 43. Rg8 Nc5 44. Bc4 Nxb3 45. Bxb3 Re3+ 46. Kf4 Rxb3 47. Rxg7 Rxa3 48. g6 Ra1 49. Rd7 Rg1 50. Rxd6+ Kc5 51. Rf6 Kxd5 52. Kf5 Kc5 53. Rf7 b5 54. g7 a4 55. Kf6 b4 56. Re7 Rxg7 57. Kxg7 a3 58. Kf6 a2 59. Ra7 b3 60. Ke5 b2 61. Rxa2 b1=Q 62. Re2 Qd3 63. Rg2 Qd5+ 0-1


[Site "https://www.chess.com"]

[Event "Titled Tuesday Blitz November 16 2021"]
[White "Svidler, Peter"]
[Black "Tsydypov, Zhamsaran"]
[WhiteFideId "4102142"]
[BlackFideId "4108566"]
[WhiteElo "2709"]
[BlackElo "2614"]
[Result "0-1"]
[Round "11"]
[TimeControl "180+1"]
[Date "2021.11.16"]
[WhiteClock "0:00:21"]
[BlackClock "0:00:12"]

1. e4 c5 2. Nf3 d6 3. d4 cxd4 4. Nxd4 Nf6 5. Nc3 a6 6. a3 e6 7. g4 h6 8. Bg2 g5 9. h4 Rg8 10. hxg5 hxg5 11. Be3 Nbd7 12. Qe2 Ne5 13. O-O-O Nfxg4 14. Bd2 Bd7 15. Bh3 Nf6 16. Bxg5 Rxg5 17. f4 Rh5 18. fxe5 Rxe5 19. Qf3 Qe7 20. Rdf1 Bg7 21. Qg3 Nh5 22. Qf2 Rg5 23. Nf3 Bxc3 24. bxc3 Ra5 25. Bg4 d5 26. Rxh5 O-O-O 27. Nd4 Qxa3+ 28. Kd2 Rc5 29. Nb3 Rc4 30. Be2 Rxe4 31. Qc5+ Qxc5 32. Nxc5 Rxe2+ 33. Kxe2 Bb5+ 34. Nd3 f5 35. Ke3 Rg8 36. Nf4 Bxf1 37. Nxe6 Rg4 38. Nd4 f4+ 39. Kf2 Bg2 40. Rh7 Be4 41. Rf7 Rg2+ 42. Ke1 f3 43. Nxf3 Rxc2 44. Nd4 Rxc3 45. Ke2 a5 0-1


[Site "https://www.chess.com"]

[Event "Titled Tuesday Blitz November 16 2021"]
[White "Terry, Renato"]
[Black "Zubov, Alexander"]
[WhiteFideId "3803457"]
[BlackFideId "14109409"]
[WhiteElo "2577"]
[BlackElo "2685"]
[Result "1/2-1/2"]
[Round "11"]
[TimeControl "180+1"]
[Date "2021.11.16"]
[WhiteClock "0:00:01"]
[BlackClock "0:00:06"]

1. d4 Nf6 2. Bg5 d5 3. Bxf6 gxf6 4. e3 c5 5. c3 Nc6 6. Nf3 Qb6 7. Qb3 c4 8. Qc2 Bg4 9. Nbd2 Bh5 10. e4 Bg6 11. Nh4 e6 12. Nxg6 hxg6 13. g3 Rd8 14. Bg2 dxe4 15. Bxe4 Qa6 16. O-O f5 17. Bg2 Be7 18. Rfe1 O-O 19. Bf1 b5 20. a4 b4 21. Nxc4 bxc3 22. bxc3 Qc8 23. Rab1 Qc7 24. Rb5 Rb8 25. Reb1 Rfc8 26. Qb3 Rxb5 27. axb5 Nb8 28. Ra1 Nd7 29. Qa4 Nb6 30. Nxb6 axb6 31. Rc1 Bf6 32. Rc2 Kg7 33. Bg2 e5 34. Bc6 exd4 35. cxd4 Qd6 36. d5 Rc7 37. Kg2 Re7 38. Qa2 Bd4 39. Re2 Re4 40. Qd2 Qe5 41. Rxe4 fxe4 42. Qe2 f5 43. Qd2 Bc5 44. Qe2 Kf6 45. Qd2 Kg7 46. Qg5 Kf7 47. Qh6 e3 48. Qh7+ Kf8 49. Qh6+ Kf7 50. Qh7+ Kf8 51. Qh6+ Kf7 1/2-1/2


[Site "https://www.chess.com"]

[Event "Titled Tuesday Blitz November 16 2021"]
[White "Triapishko, Alexandr"]
[Black "Golubka, Petro"]
[WhiteFideId "14122286"]
[BlackFideId "14114224"]
[WhiteElo "2479"]
[BlackElo "2392"]
[Result "1-0"]
[Round "11"]
[TimeControl "180+1"]
[Date "2021.11.16"]
[WhiteClock "0:00:03"]
[BlackClock "0:00:52"]

1. e4 c5 2. Nf3 d6 3. Nc3 a6 4. d4 cxd4 5. Nxd4 e6 6. g4 h6 7. Rg1 Be7 8. Be3 Nf6 9. h4 d5 10. g5 hxg5 11. hxg5 Nxe4 12. Nxe4 dxe4 13. Qe2 Qa5+ 14. c3 Nc6 15. Nxc6 bxc6 16. Bg2 Qa4 17. Qd1 Qb5 18. Bxe4 Bb7 19. Qb3 O-O-O 20. g6 Rh4 21. Bf3 Qxb3 22. axb3 f5 23. Rd1 Rxd1+ 24. Kxd1 c5 25. Bxb7+ Kxb7 26. Ke2 f4 27. Bd2 e5 28. Kf3 Rh2 29. Be1 Kc6 30. Ke4 Bf6 31. c4 Kd6 32. b4 Kc6 33. bxc5 Kxc5 34. b3 a5 35. Rf1 Rg2 36. Bxa5 Rxg6 37. Rd1 Rg2 38. Rd5+ Kc6 39. b4 Rxf2 40. b5+ Kb7 41. c5 Re2+ 42. Kf5 Rc2 43. c6+ Kc8 44. Rd7 f3 45. Rf7 Bd8 46. Rf8 Rd2 47. c7 f2 48. Rxd8+ Kb7 49. c8=Q+ 1-0


[Site "https://www.chess.com"]

[Event "Titled Tuesday Blitz November 16 2021"]
[White "Tsvetkov, Andrey"]
[Black "Punin, Andrii"]
[WhiteFideId "34139360"]
[BlackFideId "14112639"]
[WhiteElo "2280"]
[BlackElo "2357"]
[Result "1/2-1/2"]
[Round "11"]
[TimeControl "180+1"]
[Date "2021.11.16"]
[WhiteClock "0:00:04"]
[BlackClock "0:00:09"]

1. d4 Nf6 2. c4 e6 3. Nc3 d5 4. cxd5 exd5 5. Bg5 c6 6. e3 Bf5 7. Qf3 Bg6 8. Bxf6 Qxf6 9. Qxf6 gxf6 10. Nf3 Nd7 11. Nh4 Be7 12. Ne2 f5 13. g3 Bxh4 14. gxh4 Nf6 15. Nf4 Nh5 16. Nd3 f4 17. Nxf4 Nxf4 18. exf4 Ke7 19. Kd2 Rae8 20. Rg1 Bf5 21. Re1+ Kf6 22. Re5 h6 23. Be2 Reg8 24. Rg3 Ra8 25. Rb3 Rab8 26. Ra3 Ra8 27. Rc3 Rhg8 28. Rg3 Rgb8 29. Bh5 Rf8 30. Rge3 Rad8 31. b4 Rd7 32. a4 a6 33. Rg3 Rdd8 34. Rge3 Rd7 35. h3 Rc7 36. Bg4 Be4 37. f3 Bb1 38. h5 b6 39. Rc3 Rd8 40. Rc1 Ba2 41. Rg1 c5 42. dxc5 bxc5 43. bxc5 Rxc5 44. Rge1 Rc7 45. Bf5 Bc4 46. Bc2 Kg7 47. Rf5 Rd6 48. Rg1+ Kf8 49. Rg6 Rxg6 50. hxg6 Kg7 51. gxf7 Rxf7 52. Ke3 a5 53. Rxf7+ Kxf7 54. Kd4 Ke6 55. Bh7 Kd6 56. Bd3 Bb3 57. Bb5 Bd1 58. f5 Bxf3 59. h4 Be4 60. f6 Ke6 61. Bc6 Kxf6 62. Bxd5 Bc2 63. Bc6 Bxa4 64. Bxa4 h5 65. Bd1 a4 66. Bxa4 Kg7 67. Bd1 Kh8 68. Ke5 Kg8 1/2-1/2


[Site "https://www.chess.com"]

[Event "Titled Tuesday Blitz November 16 2021"]
[White "Weetik, Vjacheslav"]
[Black "Alavkin, Arseny"]
[WhiteFideId "4153472"]
[BlackFideId "4120612"]
[WhiteElo "2469"]
[BlackElo "2391"]
[Result "0-1"]
[Round "11"]
[TimeControl "180+1"]
[Date "2021.11.16"]
[WhiteClock "0:00:02"]
[BlackClock "0:00:07"]

1. Nf3 Nf6 2. g3 g6 3. Bg2 Bg7 4. O-O O-O 5. d4 d6 6. c4 Nc6 7. Nc3 Bf5 8. Ne1 Qc8 9. e4 Bh3 10. Nc2 Bxg2 11. Kxg2 Nd7 12. Be3 a5 13. Qd2 e5 14. d5 Ne7 15. f3 f5 16. Na3 h5 17. Bg5 Bf6 18. Nab5 Nc5 19. Rae1 Qd7 20. Bxf6 Rxf6 21. f4 c6 22. fxe5 dxe5 23. Qe3 Na6 24. Na3 Raf8 25. exf5 Rxf5 26. Rxf5 Qxf5 27. d6 Nc8 28. Qxe5 Qf3+ 29. Kg1 Nxd6 30. Nc2 Nxc4 31. Qe6+ Qf7 32. Nd4 Qxe6 33. Rxe6 Kg7 34. Ne4 Nc7 35. Re7+ Rf7 36. Rxc7 Rxc7 37. Ne6+ Kf7 38. Nxc7 Nxb2 39. Nd6+ Ke7 40. Nxb7 a4 41. Na6 Ke6 42. Kf2 Kd5 43. Ke3 Kc4 44. Nac5 a3 45. Nb3 Na4 46. N7a5+ Kb5 47. Kd4 c5+ 48. Kd3 Nb2+ 49. Kc2 c4 0-1


[Site "https://www.chess.com"]

[Event "Titled Tuesday Blitz November 16 2021"]
[White "Xiong, Jeffery"]
[Black "Ibrahimli, Murad"]
[WhiteFideId "2047640"]
[BlackFideId "13410229"]
[WhiteElo "2699"]
[BlackElo "2109"]
[Result "1-0"]
[Round "11"]
[TimeControl "180+1"]
[Date "2021.11.16"]
[WhiteClock "0:00:30"]
[BlackClock "0:00:08"]

1. Nf3 Nf6 2. g3 d5 3. Bg2 c6 4. c4 Bg4 5. Qb3 Qb6 6. O-O Nbd7 7. d3 e6 8. Be3 Bc5 9. Bxc5 Nxc5 10. Qc2 Bxf3 11. Bxf3 O-O 12. Nd2 a5 13. d4 Ncd7 14. e3 e5 15. dxe5 Nxe5 16. Bg2 d4 17. c5 Qb4 18. a3 d3 19. Qc1 Qg4 20. Qc3 Rfe8 21. h3 Qh5 22. e4 a4 23. Rae1 Ned7 24. Qxd3 Qxc5 25. Rc1 Ne5 26. Qe2 Qb6 27. Rc2 Rad8 28. Kh2 Nfd7 29. f4 Ng6 30. Nc4 Qc5 31. e5 Nb6 32. Nd6 Qxd6 33. exd6 Rxe2 34. Rxe2 Kf8 35. f5 Nh8 36. Re7 Nd7 37. Rf4 g5 38. Rxa4 Nc5 39. Rd4 Rxd6 40. Rxd6 Kxe7 41. Rh6 f6 42. Rxh7+ Nf7 43. Bf3 Kf8 44. Bh5 Nd6 45. Bg6 Nd3 46. h4 Ne4 47. h5 Ne5 48. Kg2 c5 49. h6 Kg8 50. Rxb7 1-0


[Site "https://www.chess.com"]

[Event "Titled Tuesday Blitz November 16 2021"]
[White "Yakimova, Mariya"]
[Black "Djokic, Mihailo"]
[WhiteFideId "34188859"]
[BlackFideId "976440"]
[WhiteElo "2070"]
[BlackElo "2008"]
[Result "1/2-1/2"]
[Round "11"]
[TimeControl "180+1"]
[Date "2021.11.16"]
[WhiteClock "0:00:24"]
[BlackClock "0:00:16"]

1. d4 Nf6 2. c4 g6 3. g3 d6 4. Bg2 Bg7 5. Nf3 O-O 6. O-O Nc6 7. Nc3 a6 8. h3 Rb8 9. e4 b5 10. cxb5 axb5 11. d5 Na5 12. b4 Nc4 13. Nd4 Bd7 14. a4 bxa4 15. b5 a3 16. Qe2 Nb6 17. Qd3 Qc8 18. Kh2 e6 19. Rxa3 exd5 20. exd5 Re8 21. Be3 Ra8 22. Rfa1 Rxa3 23. Rxa3 h5 24. Nc6 Bf5 25. Qf1 Ne4 26. Nxe4 Bxe4 27. Bxe4 Rxe4 28. Bxb6 cxb6 29. Ra7 Bf6 30. Qd3 Qf5 31. Kg2 h4 32. Qf3 Qxd5 33. gxh4 Kg7 34. h5 Qg5+ 35. Kh2 Rf4 36. Qg3 gxh5 37. Qxg5+ Bxg5 38. Rb7 Rxf2+ 39. Kg3 Rb2 40. Rxb6 f5 41. Nd4 f4+ 42. Kf3 Kf6 43. Rxd6+ Ke5 44. Rg6 Bf6 45. Nc6+ Kf5 46. Rh6 Rb3+ 47. Ke2 Kg5 48. Rh7 Rxb5 49. Rd7 Rb2+ 50. Kf1 Rh2 51. Rd5+ Kh4 52. Rf5 Bg5 53. Nd4 Rxh3 54. Ne6 Bh6 55. Rf6 Bg5 56. Rf5 Rg3 57. Nxf4 Rf3+ 58. Kg2 Rxf4 59. Rxf4+ Bxf4 60. Kh1 Kg3 61. Kg1 Bg5 62. Kh1 Bf6 63. Kg1 Kf3 64. Kh1 Be5 65. Kg1 Ke2 66. Kh1 h4 67. Kg1 Bg3 68. Kh1 Kf3 69. Kg1 Kg4 70. Kh1 Kh3 71. Kg1 Be5 72. Kh1 Bf6 73. Kg1 Kg4 74. Kh1 h3 75. Kg1 Kh4 76. Kh1 Kg3 77. Kg1 Kf3 78. Kh1 Be5 79. Kg1 Bd6 80. Kh1 Be7 81. Kg1 Ke2 82. Kh1 Kf1 83. Kh2 1/2-1/2


[Site "https://www.chess.com"]

[Event "Titled Tuesday Blitz November 16 2021"]
[White "Yeletsky, Ivan"]
[Black "Bodnar, Nikolay"]
[WhiteFideId "24180327"]
[BlackFideId "14106469"]
[WhiteElo "2352"]
[BlackElo "2296"]
[Result "1-0"]
[Round "11"]
[TimeControl "180+1"]
[Date "2021.11.16"]
[WhiteClock "0:01:51"]
[BlackClock "0:00:20"]

1. c4 Nf6 2. g3 g6 3. Bg2 Bg7 4. Nc3 O-O 5. Nf3 d6 6. O-O Nc6 7. Rb1 e5 8. b4 h6 9. b5 Ne7 10. d3 Nh5 11. d4 f5 12. dxe5 dxe5 13. Ba3 Kf7 14. e4 Qxd1 15. Rfxd1 c6 16. bxc6 bxc6 17. Nh4 Bf6 18. exf5 gxf5 19. Bxe7 Bxe7 20. Bxc6 Be6 21. Bxa8 Rxa8 22. Rb7 Nf6 23. Nf3 e4 24. Ne5+ Ke8 25. Nb5 Rc8 26. Nc7+ Rxc7 27. Rxc7 a5 28. Rc6 Bg8 29. Ra6 Bb4 30. Ra8+ Ke7 31. Nc6+ Ke6 32. Nxa5 Ng4 33. Rxg8 Bxa5 34. Rxg4 fxg4 35. Rd5 Bc3 36. Kf1 Be5 37. Ke2 h5 38. a4 h4 39. a5 hxg3 40. hxg3 Bc7 41. a6 Bb6 42. Rb5 Bd4 43. Rb7 Kd6 44. a7 Bxa7 45. Rxa7 Kc5 46. Rg7 Kxc4 47. Rxg4 Kd4 48. Rf4 Ke5 49. Ke3 Kd5 50. Rxe4 Kd6 51. Rf4 Kc6 52. f3 Kc5 53. g4 Kd5 54. g5 Kd6 55. g6 Kd7 56. g7 Kd6 57. g8=Q Kc6 58. Qe6+ Kc5 59. Rc4+ Kb5 60. Qc6+ Ka5 61. Ra4# 1-0


[Site "https://www.chess.com"]

[Event "Titled Tuesday Blitz November 16 2021"]
[White "Zelbel, Patrick"]
[Black "Samunenkov, Ihor"]
[WhiteFideId "24624322"]
[BlackFideId "14187086"]
[WhiteElo "2493"]
[BlackElo "2348"]
[Result "1-0"]
[Round "11"]
[TimeControl "180+1"]
[Date "2021.11.16"]
[WhiteClock "0:00:20"]
[BlackClock "0:00:04"]

1. e4 c5 2. Nf3 Nc6 3. Bb5 g6 4. Bxc6 dxc6 5. d3 Bg7 6. h3 Nf6 7. Nbd2 Nd7 8. a4 Nf8 9. a5 Ne6 10. Nc4 O-O 11. h4 h5 12. Ng5 Nxg5 13. hxg5 Be6 14. Ne3 Qd7 15. f4 f5 16. gxf6 Rxf6 17. g3 Raf8 18. Qe2 Bh3 19. f5 gxf5 20. Rxh3 f4 21. Nf5 f3 22. Qh2 Rxf5 23. exf5 Qxf5 24. Be3 Bxb2 25. Ra4 Bd4 26. Rxh5 f2+ 27. Kf1 Qf3 28. Rg5+ Bg7 29. Rxg7+ Kxg7 30. Qh6+ Kg8 31. Qg6+ Kh8 32. Rh4+ 1-0


[Site "https://www.chess.com"]

[Event "Titled Tuesday Blitz November 16 2021"]
[White "Zierk, Steven"]
[Black "Matinian, Nikita"]
[WhiteFideId "2034255"]
[BlackFideId "24129100"]
[WhiteElo "2494"]
[BlackElo "2422"]
[Result "1-0"]
[Round "11"]
[TimeControl "180+1"]
[Date "2021.11.16"]
[WhiteClock "0:00:34"]
[BlackClock "0:00:13"]

1. b3 e5 2. Bb2 Nc6 3. c4 g6 4. g3 Bg7 5. Bg2 h5 6. Nf3 h4 7. Nxh4 Rxh4 8. gxh4 Qxh4 9. e3 d6 10. Qf3 Nf6 11. Nc3 Nb4 12. O-O Nd3 13. Ba3 a6 14. Nd5 Nxd5 15. Qxd5 e4 16. Qxe4+ Qxe4 17. Bxe4 Bxa1 18. Rxa1 Nc5 19. Bg2 a5 20. d4 Na6 21. Bb2 c6 22. Bc3 a4 23. b4 a3 24. Rb1 Nc7 25. b5 d5 26. b6 Ne6 27. cxd5 cxd5 28. Bxd5 Ng5 29. Bb4 Nh7 30. Rc1 Nf6 31. Bf3 Be6 32. Bxb7 Rb8 33. Bc6+ Kd8 34. b7 Bxa2 35. Bd6 Bb1 36. Rxb1 1-0


[Site "https://www.chess.com"]

[Event "Titled Tuesday Blitz November 16 2021"]
[White "vizumatv4hoda"]
[Black "Bologan, Victor"]
[BlackFideId "13900048"]
[WhiteElo "2772"]
[BlackElo "2472"]
[Result "0-1"]
[Round "11"]
[TimeControl "180+1"]
[Date "2021.11.16"]
[WhiteClock "0:00:02"]
[BlackClock "0:00:14"]

1. e4 e5 2. d4 exd4 3. Nf3 Nc6 4. c3 d3 5. Bxd3 d6 6. Nd4 g6 7. O-O Bg7 8. Be3 Nge7 9. Kh1 O-O 10. f4 f5 11. Nd2 Kh8 12. exf5 Nxf5 13. Nxf5 Bxf5 14. Nf3 Qd7 15. Ng5 Rae8 16. Qd2 Re7 17. Rae1 Rfe8 18. b4 Bxd3 19. Qxd3 Qf5 20. Qxf5 gxf5 21. Bd2 d5 22. Nf3 Bf6 23. Kg1 Re4 24. Ng5 Re2 25. Nf3 Kg7 26. Rxe2 Rxe2 27. Re1 Re4 28. Kf2 a5 29. a3 a4 30. Re3 Na7 31. Ng5 Bxg5 32. fxg5 Nb5 33. Bc1 Kg6 34. Rxe4 fxe4 35. Bb2 Kxg5 36. Ke3 Kf5 37. h3 h5 38. g3 Nd6 39. Bc1 b6 40. Kd4 Ke6 41. g4 hxg4 42. hxg4 Nb5+ 43. Ke3 Nxc3 44. g5 Kf5 45. b5 Nxb5 46. g6 Kxg6 47. Kf4 Kf6 0-1